 Dungeon Crawl Stone Soup version 0.24-a0-335-g06ca16af6c (webtiles) character file.

Game seed: 12777243948737504051

3662 MachJacob the Geomancer (level 9, -3/112 HPs)
             Began as a Pale Draconian Earth Elementalist on May 19, 2019.
             Was a Believer of Yredelemnul.
             Killed by divine providence
             ... invoked by an orc priest
              (14 damage)
             ... on level 10 of the Dungeon.
             The game lasted 00:31:50 (9721 turns).

MachJacob the Geomancer (DrEE)                      Turns: 9721, Time: 00:31:50

Health: -3/112     AC: 24    Str: 10    XL:     9   Next: 89%
Magic:  1/17       EV:  2    Int: 18    God:    Yredelemnul [**....]
Gold:   330        SH:  4    Dex: 13    Spells: 7/18 levels left

rFire    . . .     SeeInvis .   a - +0 dagger
rCold    . . .     Gourm    .   (no shield)
rNeg     + + +     Faith    .   (armour unavailable)
rPois    +         Spirit   .   (helmet currently unavailable)
rElec    .         Reflect  +   (cloak currently unavailable)
rCorr    .         Harm     .   (gloves currently unavailable)
MR       .....     NoTele   +   (boots currently unavailable)
Stlth    ++........             j - +4 amulet of reflection
HPRegen  0.28/turn              n - ring of poison resistance
MPRegen  0.15/turn              (no ring)

@: tree-form, very slightly contaminated, hasted, very quick
A: (breathe steam), unfitting armour, AC +7
a: Animate Remains, Recall Undead Slaves, Injury Mirror, Renounce Religion


You were on level 10 of the Dungeon.
You worshipped Yredelemnul.
Yredelemnul was pleased with you.
You were very hungry.
You were a tree.
You visited 2 branches of the dungeon, and saw 11 of its levels.

You collected 330 gold pieces.

Inventory:

Hand Weapons
 a - a +0 dagger (weapon)
 b - a +1 hunting sling
 v - the +5 dagger of Nalech {vamp, +Blink rN++ Str+4, unknown}
   (You found it on level 5 of the Dungeon)

   It inflicts no extra harm, but heals its wielder when it wounds a living foe.
   It affects your strength (+4).
   It greatly protects you from negative energy.
   It lets you blink.
Missiles
 e - 5 sling bullets
 f - a throwing net {!f}
 o - 8 curare-tipped darts {!f}
 t - 73 stones (quivered)
Jewellery
 j - a +4 amulet of reflection (around neck)
 n - a ring of poison resistance (left branch)
 C - an uncursed amulet of rage {unknown}
Wands
 k - a wand of acid (3)
 y - a wand of scattershot (4)
Scrolls
 g - 2 scrolls of remove curse
 r - 2 scrolls of enchant weapon
 u - 2 scrolls of magic mapping
 B - a scroll of brand weapon {unknown}
 D - a scroll of enchant armour {unknown}
Potions
 d - 4 potions of agility
 h - a potion of ambrosia {unknown}
 i - 2 potions of curing
 m - 2 potions of mutation
 p - 5 potions of lignification
 q - 2 potions of flight
 s - a potion of degeneration {unknown}
 w - a potion of brilliance {unknown}
 x - a potion of haste
 z - a potion of magic {unknown}
 A - a potion of might {unknown}
Comestibles
 c - 10 rations


   Skills:
 + Level 5.9 Fighting
 + Level 5.1 Dodging
 - Level 1.7 Stealth
 + Level 5.3 Spellcasting
 - Level 5.0 Conjurations
 - Level 1.0 Transmutations
 * Level 8.5 Earth Magic
 + Level 4.8 Invocations


You had 7 spell levels left.
You knew the following spells:

 Your Spells              Type           Power        Failure   Level  Hunger
a - Sandblast             Erth           #####.       1%          1    None
b - Passwall              Tmut/Erth      ###.....     2%          2    #......
c - Stone Arrow           Conj/Erth      ####..       2%          3    ##.....
d - Lee's Rapid Deconstr  Erth           #####.....   11%         5    ######.

Your spell library contained the following spells:

 Spells                   Type           Power        Failure   Level  Hunger
 Animate Skeleton         Necr           N/A          13%         1    None
 Apportation              Tloc           #.....       13%         1    None
 Confusing Touch          Hex            #.....       13%         1    None
 Summon Small Mammal      Summ           #...         13%         1    None
 Petrify                  Tmut/Erth      ###.....     19%         4    ####...


Dungeon Overview and Level Annotations

Branches:
Dungeon (10/15)            Temple (1/1) D:4
   Lair: D:8-11         Orc: D:9-12

Altars:
Ashenzari
Cheibriados
Dithmenos
Elyvilon
Fedhas
Gozag
Hepliaklqana
Kikubaaqudgha
Makhleb
Nemelex Xobeh
Okawaru
Qazlal
Ru
Sif Muna
Trog
Uskayaw
Vehumet
Wu Jian
Xom
Yredelemnul
Zin
The Shining One

Annotations:
D:3 Sigmund
D:4 exclusion: phantom
D:6 1 runed translucent door
D:8 Joseph
D:10 Harold


Innate Abilities, Weirdness & Mutations

((You can breathe blasts of scalding, opaque steam.))
((Your pale cyan-grey scales are hard. (AC +7)))
You cannot fit into any form of body armour.
((You are cold-blooded and may be slowed by cold attacks.))


Message History

The orc priest is heavily wounded.
The orc warrior hits you but does no damage.
The orc priest barely misses you.
You hit the orc priest but do no damage.
The orc priest is heavily wounded.
The orc priest hits you but does no damage.
The orc warrior hits you but does no damage.
You closely miss the orc priest.
The orc priest is moderately wounded.
You barely miss the orc priest.
The orc priest is moderately wounded.
The orc priest barely misses you.
The orc warrior hits you with a +0 dire flail.
* * * LOW HITPOINT WARNING * * *
You hit the orc priest but do no damage.
The orc priest is moderately wounded.
The orc priest calls down the wrath of Beogh upon you.
Beogh smites you!
You die...
Your body rises from the dead as a mindless zombie.

#......<# #.#
#(# #.### #...#
#####+###
###.......#
###)oo......#
####...#♣......#
#.))o###.......#
#o#### #.......#
.. #.......# .
#########


You could see an orc warrior and an orc priest.

Vanquished Creatures
  Erolcha (D:10)
  Erica (D:10)
  A hungry ghost (D:7)
  2 sky beasts
  A phantom (D:5)
  An ice beast (D:5)
  4 ogres
  3 bullfrogs
  A scorpion (D:4)
  A bullfrog zombie (D:6)
  4 crimson imps
  2 hounds
  2 bullfrog skeletons
  An orc priest (D:4)
  7 orc wizards
  2 iguanas
  6 worker ants
  A killer bee zombie (D:5)
  A hound skeleton (D:5)
  2 worker ant zombies (D:5)
  A gnoll (D:2)
  7 adders
  2 shadow imps
  An ooze (D:6)
  An orc skeleton (D:6)
  An adder skeleton (D:5)
  An adder zombie (D:6)
  A worm (D:2)
  4 dart slugs
  8 leopard geckos
  29 orcs
  4 giant cockroaches
  9 goblins
  10 hobgoblins
  6 jackals
  12 kobolds
  2 quokkas
  3 ball pythons
  13 bats
  3 frilled lizards
  3 jackal skeletons
  13 rats
178 creatures vanquished.

Vanquished Creatures (collateral kills)
  Menkaure (D:6)
  A black bear (D:5)
  A centaur (D:6)
  Blork the orc (D:6)
  A centaur skeleton (D:5)
  An iguana (D:6)
  2 orcs
  A quokka (D:6)
9 creatures vanquished.

Vanquished Creatures (others)
  A hound skeleton (D:6)
  An adder skeleton (D:5)
  5 orc skeletons (D:6)
  2 leopard gecko skeletons (D:5)
  An orc zombie (D:6)
  A quokka skeleton (D:6)
11 creatures vanquished.

Grand Total: 198 creatures vanquished

Notes
Turn   | Place    | Note
-------+----------+-------------------------------------------
     0 | D:1      | MachJacob the Draconian Earth Elementalist began the quest
                  | for the Orb.
     0 | D:1      | Reached XP level 1. HP: 14/14 MP: 3/3
   241 | D:1      | Reached XP level 2. HP: 22/22 MP: 1/5
   496 | D:1      | Reached skill level 1 in Fighting
   588 | D:1      | Reached XP level 3. HP: 28/28 MP: 1/6
   761 | D:1      | Learned a level 2 spell: Passwall
   765 | D:1      | Learned a level 3 spell: Stone Arrow
  1344 | D:2      | Reached skill level 1 in Conjurations
  1344 | D:2      | Reached XP level 4. HP: 35/35 MP: 3/7
  1777 | D:2      | Reached skill level 4 in Earth Magic
  2293 | D:3      | Reached XP level 5. HP: 36/41 MP: 1/8
  2545 | D:3      | Noticed Sigmund
  2973 | D:4      | Found a staircase to the Ecumenical Temple.
  2980 | Temple   | Entered the Ecumenical Temple
  3248 | Temple   | Became a worshipper of Yredelemnul the Dark
  3530 | D:4      | Noticed a phantom
  3899 | D:3      | HP: 1/42 [orc/+0 hand axe (2)]
  4616 | D:3      | Reached XP level 6. HP: 12/50 MP: 10/10
  5252 | D:5      | Entered Level 5 of the Dungeon
  5472 | D:5      | Noticed a sky beast
  5487 | D:5      | Noticed an ice beast
  5498 | D:5      | Killed an ice beast
  5498 | D:5      | Reached skill level 5 in Earth Magic
  5498 | D:5      | Your scales start taking on a pale cyan-grey colour.
  5498 | D:5      | Reached XP level 7. HP: 56/56 MP: 0/11
  5586 | D:4      | Reached * piety under Yredelemnul
  5962 | D:5      | Found a glowing drain.
  6440 | D:5      | Reached skill level 1 in Invocations
  6567 | D:5      | Learned a level 5 spell: Lee's Rapid Deconstruction
  6610 | D:5      | Reached XP level 8. HP: 64/64 MP: 6/13
  6856 | D:5      | Reached skill level 6 in Earth Magic
  6997 | D:5      | Got an iridescent dagger
  7350 | D:6      | Found a runed translucent door.
  7352 | D:6      | Found a glowing golden altar of the Shining One.
  7352 | D:6      | Noticed an angel
  7366 | D:6      | Reached ** piety under Yredelemnul
  7366 | D:6      | Reached skill level 5 in Conjurations
  7523 | D:6      | Noticed Blork the orc
  7530 | D:6      | Killed Blork the orc
  7698 | D:6      | Noticed a +0 hand axe
  7698 | D:6      | Noticed a +0 dagger
  7702 | D:6      | Found a hide-covered altar of Uskayaw.
  7802 | D:6      | Your ally Blork died
  8328 | D:6      | Reached skill level 7 in Earth Magic
  8591 | D:6      | Noticed Menkaure
  8616 | D:6      | Killed Menkaure
  9010 | D:7      | You fall through a shaft for 2 floors!
  9011 | D:9      | Noticed a komodo dragon
  9114 | D:8      | Reached XP level 9. HP: 72/72 MP: 12/15
  9118 | D:8      | Noticed Joseph
  9409 | D:7      | You fall through a shaft for 3 floors!
  9409 | D:10     | Entered Level 10 of the Dungeon
  9409 | D:10     | Noticed Erica
  9429 | D:10     | Killed Erica
  9429 | D:10     | Reached skill level 5 in Fighting
  9672 | D:10     | Noticed Harold
  9690 | D:10     | Reached skill level 5 in Spellcasting
  9690 | D:10     | Reached skill level 8 in Earth Magic
  9690 | D:10     | Noticed Erolcha
  9696 | D:10     | Killed Erolcha
  9696 | D:10     | Reached skill level 5 in Dodging
  9703 | D:10     | HP: 5/112 [orc warrior/+0 dire flail (16)]
  9708 | D:10     | HP: 4/112 [orc priest/divine providence (12)]
  9721 | D:10     | Killed from afar by an orc priest

Levels and vault maps discovered:
D:1:      elethiomel_arrival_fortress_basement, layout_loops_ring,
          minmay_cut_off
D:2:      layout_rooms, serial_corexii_hall, chequers_hall_statues_wall_a,
          chequers_hall_statues_wall_a, minmay_3d_cube
D:3:      layout_rooms, chequers_serial_rivers_room_a, uniq_sigmund
D:4:      layout_gridville, minmay_temple_entry_gardened_gates,
          minmay_goblin_kobold_house
D:5:      black_bear_nest_2, layout_rooms, first_ration,
          gup_sewer_entry_bubbles, hangedman_abyss_or_decor_jellyfish_corner
D:6:      layout_basic, dancing_weapons_uskayaw, lemuel_angel_altar,
          uniq_menkaure, uniq_blork_the_orc
D:7:      layout_basic
D:8:      layout_basic, hellmonk_ghost_happy_afterlife, uniq_joseph
D:9:      layout_irregular_city
D:10:     layout_roguey, enter_trove_6, uniq_erolcha, uniq_harold, uniq_erica
Temple:   regret_index_temple_sigil_plot

Skill      XL: |  1  2  3  4  5  6  7  8  9 |
---------------+----------------------------+-----
Dodging        | 2 3 4 5 |  5.1
Fighting       | 1 2 3 4 5 |  5.9
Conjurations   | 1 2 3 4 5 |  5.0
Earth Magic    | 4 5 7 8 |  8.5
Spellcasting   | 3 4 5 |  5.3
Invocations    | 1 3 4 |  4.8
Stealth        | |  1.7
Transmutations | |  1.0

Action                   |  1- 3 |  4- 6 |  7- 9 || total
-------------------------+-------+-------+-------++-------
Melee: Dagger            |       |    73 |    35 ||   108
       Tailslap          |       |    12 |     6 ||    18
       Hunting sling     |       |       |     2 ||     2
 Fire: Hunting sling     |    31 |   132 |   100 ||   263
 Cast: Sandblast         |    45 |    49 |    66 ||   160
       Stone Arrow       |       |     7 |    42 ||    49
       Lee's Rapid Decon |       |       |     1 ||     1
Invok: Animate Remains   |       |       |    28 ||    28
 Abil: Breathe Steam     |       |       |     3 ||     3
  Use: Scroll            |       |     8 |     4 ||    12
       Potion            |       |     1 |     7 ||     8
  Eat: Chunk             |     2 |    10 |    26 ||    38
       Ration            |       |     1 |       ||     1
Armor: Skin              |     5 |    53 |    41 ||    99
Dodge: Dodged            |    17 |   117 |    91 ||   225
Block: Other             |       |    42 |    21 ||    63
       Reflection        |       |     2 |     1 ||     3

Table legend:
 A = Non-vault XP
 B = Vault XP
 C = Vault XP percentage of total XP
 D = Non-vault monster count
 E = Vault monster count
 F = Vault count percentage of total count
                 A         B        C        D         E       F
            +---------+---------+-------+---------+---------+-------
      Total |    3022 |    2210 |  42.2 |     159 |      27 |  14.5
            +---------+---------+-------+---------+---------+-------
        D:1 |      48 |      12 |  20.0 |      27 |       6 |  18.2
        D:2 |     103 |      20 |  16.3 |      27 |       5 |  15.6
        D:3 |      96 |       0 |   0.0 |      20 |       0 |   0.0
        D:4 |     324 |       7 |   2.1 |      16 |       4 |  20.0
        D:5 |    1038 |      81 |   7.2 |      25 |       8 |  24.2
        D:6 |     855 |     158 |  15.6 |      30 |       2 |   6.2
        D:7 |     413 |       0 |   0.0 |       8 |       0 |   0.0
        D:8 |      38 |       0 |   0.0 |       2 |       0 |   0.0
       D:10 |     107 |    1932 |  94.8 |       4 |       2 |  33.3
            +---------+---------+-------+---------+---------+-------
